 Dungeon Crawl Stone Soup version 0.24-a0-459-g225fefd530 (webtiles) character file.

Game seed: 14634428800854755601

915 Peloso the Slasher (level 7, 0/61 HPs)
             Began as a Minotaur Fighter on June 28, 2019.
             Shot with an arrow by a centaur (11 damage)
             ... on level 5 of the Dungeon.
             The game lasted 00:06:45 (3901 turns).

Peloso the Slasher (Minotaur Fighter)               Turns: 3901, Time: 00:06:45

Health: 0/61       AC: 11    Str: 21    XL:     7   Next: 82%
Magic:  6/6        EV:  6    Int:  5    God:
Gold:   125        SH: 10    Dex: 11    Spells: 6/6 levels left

rFire    . . .     SeeInvis .   a - +0 long sword
rCold    + . .     Gourm    .   c - +0 shield
rNeg     . . .     Faith    .   p - +2 chain mail {rC+}
rPois    .         Spirit   .   (helmet restricted)
rElec    .         Reflect  .   (no cloak)
rCorr    .         Harm     .   (no gloves)
MR       .....                  (no boots)
Stlth    ..........             (no amulet)
HPRegen  0.20/turn              (no ring)
MPRegen  0.10/turn              (no ring)

@: lethally poisoned (0 -> -1), drained
A: retaliatory headbutt, horns 2
a: no special abilities


You were on level 5 of the Dungeon.
You were not hungry.

You visited 1 branch of the dungeon, and saw 5 of its levels.

You collected 125 gold pieces.

Inventory:

Hand Weapons
 a - a +0 long sword (weapon)
Armour
 b - a +0 scale mail
 c - a +0 shield (worn)
 p - a +2 chain mail of cold resistance (worn)
Scrolls
 g - 6 scrolls of identify {unknown}
 i - a scroll of fear {unknown}
 l - 2 scrolls of remove curse {unknown}
 m - a scroll of noise {unknown}
 q - a scroll of enchant weapon {unknown}
 r - a scroll of teleportation {unknown}
 s - a scroll of magic mapping {unknown}
 t - a scroll of blinking {unknown}
Potions
 d - a potion of might
 e - 6 potions of curing {unknown}
 h - a potion of brilliance {unknown}
 j - a potion of haste {unknown}
 k - a potion of cancellation {unknown}
 n - a potion of agility {unknown}
 o - 2 potions of flight {unknown}
Comestibles
 f - 4 rations


   Skills:
 + Level 5.3(4.1) Fighting
 + Level 7.0(5.9) Long Blades
 + Level 5.5(4.3) Armour
 + Level 2.4(1.4) Dodging
 + Level 0.5(0.0) Stealth
 + Level 6.4(5.2) Shields


You had 6 spell levels left.
You didn't know any spells.
Your spell library contained the following spells:

 Spells                   Type           Power        Failure   Level  Hunger
 Sandblast                Erth           #.....       100%        1    ##.....
 Passwall                 Tmut/Erth      #.......     100%        2    ###....
 Stone Arrow              Conj/Erth      #.....       100%        3    ####...
 Petrify                  Tmut/Erth      #.......     100%        4    #####..
 Lee's Rapid Deconstruct  Erth           #.........   100%        5    ######.


Dungeon Overview and Level Annotations

Branches:
Dungeon (5/15)
 Temple: D:4-7

Altars:

Shops:
D:4 [


Innate Abilities, Weirdness & Mutations

You reflexively headbutt those who attack you in melee.
You have a pair of horns on your head.


Message History

You see here an arrow.
You block the adder's attack.
You feel sick. The adder bites you but does no damage.
The adder bites you but does no damage.
You feel sick. The adder barely misses you. You furiously retaliate!
You headbutt the adder.
The centaur shoots an arrow.
The arrow barely misses you.
You feel sick. The adder barely misses you. You furiously retaliate!
You headbutt the adder.
You kill the adder!
The centaur unwields a +0 shortbow.
You block the centaur's attack.
The centaur wields a +0 shortbow.
The centaur shoots an arrow.
The arrow hits you.
* * * LOW HITPOINT WARNING * * *
You see here an arrow.
The centaur shoots an arrow.
The arrow hits you.
* * * LOW HITPOINT WARNING * * *
You feel sick.
The centaur shoots an arrow.
The arrow hits you!
You die...

#. .# .## # #.
##.# ...######. #.
#.. #.?......
#.##.######.......
#.................
##...#....#.#[....
#........##.##....
#.(.(c.........(..
#@....[...%.##....
#........#####....
#.................
#........######..#
#....(...# ..##
##...##### .##
#..## # #..#


You could see a centaur.

Vanquished Creatures
  Eustachio (D:4)
  An orc warrior (D:3)
  A phantom (D:4)
  5 wights
  A hound (D:4)
  An orc priest (D:4)
  An orc wizard (D:4)
  Natasha (D:2)
  An iguana (D:5)
  2 worker ants (D:4)
  Robin (D:4)
  4 gnolls
  5 adders
  An adder skeleton (D:4)
  2 worms
  3 leopard geckos
  8 orcs
  11 giant cockroaches
  11 goblins
  11 hobgoblins
  6 jackals
  9 kobolds
  A quokka (D:3)
  2 ball pythons
  9 bats
  3 frilled lizards
  6 rats
108 creatures vanquished.

Notes
Turn   | Place    | Note
-------+----------+-------------------------------------------
     0 | D:1      | Peloso the Minotaur Fighter began the quest for the Orb.
     0 | D:1      | Reached XP level 1. HP: 19/19 MP: 0/0
   117 | D:1      | Reached XP level 2. HP: 15/27 MP: 1/1
   692 | D:1      | Reached XP level 3. HP: 32/33 MP: 2/2
   721 | D:1      | Reached skill level 1 in Dodging
  1082 | D:2      | Reached skill level 3 in Long Blades
  1537 | D:2      | Reached XP level 4. HP: 40/40 MP: 3/3
  1574 | D:3      | Noticed Natasha
  1592 | D:2      | HP: 2/40 [Natasha/magic dart (8)]
  1593 | D:2      | Killed Natasha
  2207 | D:2      | Reached XP level 5. HP: 43/46 MP: 4/4
  2324 | D:3      | Reached skill level 4 in Long Blades
  2555 | D:4      | Noticed a phantom
  2576 | D:4      | Killed a phantom
  2576 | D:4      | Reached skill level 5 in Long Blades
  2576 | D:4      | Reached XP level 6. HP: 34/53 MP: 5/5
  2700 | D:4      | Noticed Robin
  2702 | D:4      | Noticed an orc warrior
  2715 | D:3      | Reached skill level 5 in Shields
  2792 | D:3      | Killed an orc warrior
  2995 | D:4      | Killed Robin
  3059 | D:4      | Reached skill level 6 in Long Blades
  3059 | D:4      | Reached XP level 7. HP: 39/60 MP: 6/6
  3369 | D:4      | Found Wotzisosh's Antique Armour Shop.
  3378 | D:4      | Noticed Eustachio
  3397 | D:4      | Killed Eustachio
  3397 | D:4      | Reached skill level 5 in Fighting
  3397 | D:4      | Reached skill level 5 in Armour
  3538 | D:5      | Entered Level 5 of the Dungeon
  3859 | D:5      | Reached skill level 7 in Long Blades
  3901 | D:5      | Shot with an arrow by a centaur

Levels and vault maps discovered:
D:1:      dpeg_arrival_rooms_b, layout_basic
D:2:      minmay_roachtagon, layout_basic
D:3:      layout_rooms, st_stairs_9, uniq_natasha
D:4:      layout_rooms, serial_shops, kennysheep_mini, uniq_eustachio,
          uniq_robin
D:5:      layout_rooms, first_ration, kennysheep_generic_room_9

Skill      XL: |  1  2  3  4  5  6  7 |
---------------+----------------------+-----
Shields        | 4 5 6 |  6.4
Armour         | 4 5 |  5.5
Dodging        | 1 2 |  2.4
Long Blades    | 3 5 6 7 |  7.0
Fighting       | 4 5 |  5.3
Stealth        | |  0.5

Action                   |  1- 3 |  4- 6 |  7- 9 || total
-------------------------+-------+-------+-------++-------
Melee: Long sword        |   113 |   150 |    56 ||   319
       Headbutt          |    14 |    26 |    14 ||    54
  Eat: Chunk             |     2 |     5 |       ||     7
       Ration            |       |       |     1 ||     1
Armor: Scale mail        |    60 |    29 |       ||    89
       Chain mail        |       |    63 |    30 ||    93
Dodge: Dodged            |    42 |    46 |    21 ||   109
Block: Shield            |    74 |   111 |    33 ||   218
       Rpst.: Long sword |    12 |    14 |     8 ||    34

Table legend:
 A = Non-vault XP
 B = Vault XP
 C = Vault XP percentage of total XP
 D = Non-vault monster count
 E = Vault monster count
 F = Vault count percentage of total count
                 A         B        C        D         E       F
            +---------+---------+-------+---------+---------+-------
      Total |    1028 |     280 |  21.4 |      85 |      23 |  21.3
            +---------+---------+-------+---------+---------+-------
        D:1 |      48 |       0 |   0.0 |      28 |       0 |   0.0
        D:2 |      99 |      54 |  35.3 |      20 |      10 |  33.3
        D:3 |     208 |       9 |   4.1 |      17 |       4 |  19.0
        D:4 |     565 |     217 |  27.7 |      17 |       9 |  34.6
        D:5 |     108 |       0 |   0.0 |       3 |       0 |   0.0
            +---------+---------+-------+---------+---------+-------
